 Dungeon Crawl Stone Soup version 0.30-a0-371-gad7725a93e (webtiles) character file.

Game seed: 13254952199243458599

3297 Querens the Thaumaturge (level 9, 0/45 HPs)
             Began as a Deep Elf Conjurer on Nov 20, 2022.
             Was a Believer of Vehumet.
             Slain by a two-headed ogre
             ... wielding a +0 giant club
              (16 damage)
             ... on level 7 of the Dungeon.
             The game lasted 00:18:02 (4109 turns).

Querens the Thaumaturge (Deep Elf Conjurer)         Turns: 4109, Time: 00:18:03

Health: 0/45       AC:  6    Str:  4    XL:     9   Next: 70%
Magic:  30/34      EV: 12    Int: 28    God:    Vehumet [**....]
Gold:   274        SH:  6    Dex: 19    Spells: 17/28 levels left

rFire   . . .      SeeInvis .    d - +1 dagger (elec)
rCold   . . .      Faith    +    k - +0 buckler
rNeg    . . .      Spirit   .    a - +0 robe
rPois   .          Reflect  .    o - +1 helmet
rElec   .          Harm     .    (no cloak)
rCorr   .          Rampage  .    y - +1 Delatra's gloves {ID++}
Will    .....                    (no boots)
Stlth   ++........               s - amulet of faith
HPRegen 0.27/turn                h - +6 ring of dexterity
MPRegen 0.24/turn                B - ring of magical power

@: no status effects
A: no striking features
a: Renounce Religion


You were on level 7 of the Dungeon.
You worshipped Vehumet.
Vehumet was pleased with you.
You visited 2 branches of the dungeon, and saw 9 of its levels.

You collected 456 gold pieces.
You spent 182 gold pieces at shops.

Inventory:

Hand Weapons
 d - a +1 dagger of electrocution (weapon)
Missiles
 F - 2 throwing nets
Armour
 a - a +0 robe (worn)
 k - a +0 buckler (worn)
 o - a +1 helmet (worn)
 u - a +1 pair of gloves
 y - the +1 Delatra's gloves (worn) {ID++}
   (You found it on level 5 of the Dungeon)

   It heals its wearer when they drink unknown potions.
   It restores its wearer's MP when they read unknown scrolls.
Jewellery
 h - a +6 ring of dexterity (left hand)
 s - an amulet of faith (around neck)
 B - a ring of magical power (right hand)
Wands
 q - a wand of flame (10)
Scrolls
 e - a scroll of noise {unknown}
 g - 3 scrolls of butterflies {unknown}
 i - 3 scrolls of immolation {unknown}
 j - a scroll of blinking {unknown}
 m - 2 scrolls of fear {unknown}
 p - 3 scrolls of teleportation {unknown}
 r - a scroll of acquirement {unknown}
 t - 5 scrolls of identify {unknown}
 v - a scroll of enchant armour {unknown}
 A - a scroll of silence {unknown}
 C - a scroll of vulnerability {unknown}
 D - 2 scrolls of amnesia {unknown}
Potions
 b - 3 potions of magic
 c - 3 potions of curing {unknown}
 f - a potion of degeneration {unknown}
 l - 4 potions of ambrosia {unknown}
 n - 2 potions of attraction {unknown}
 w - 2 potions of lignification {unknown}
 x - 4 potions of brilliance {unknown}
 z - a potion of mutation {unknown}
 E - 2 potions of might {unknown}


   Skills:
 - Level 2.4 Dodging
 - Level 2.4 Stealth
 - Level 5.0 Shields
 + Level 10.3 Spellcasting
 + Level 9.4 Conjurations
 + Level 6.5 Translocations


You had 17 spell levels left.
You knew the following spells:

 Your Spells              Type           Power      Damage    Failure   Level
a - Magic Dart            Conj           100%       1d8       1%          1
b - Searing Ray           Conj           100%       2d8       1%          2
c - Iskenderun's Mystic   Conj/Tloc      56%        2d12      1%          4
d - Fulminant Prism       Conj/Hex       20%        3d12      7%          4

Your spell library contained the following spells:

 Spells                   Type           Power      Damage    Failure   Level
 Static Discharge         Conj/Air       80%        2-6/arc   1%          2
 Dazzling Flash           Conj/Hex       80%        N/A       2%          3
 Hailstorm                Conj/Ice       40%        3d10      2%          3
 Stone Arrow              Conj/Erth      80%        3d12      2%          3
 Freeze                   Ice            56%        1d7       4%          1
 Sandblast                Erth           28%        2d8       4%          1
 Kindle Blastsparks       Fire/Tloc/Air  52%        2d14      6%          3
 Passwall                 Tmut/Erth      11%        N/A       8%          2
 Frozen Ramparts          Ice            28%        1d5       16%         3
 Ignite Poison            Fire/Tmut/Pois 14%        N/A       16%         3
 Freezing Cloud           Conj/Ice/Air   16%        6-21      36%         5
 Cause Fear               Hex            7%         N/A       45%         4
 Ice Form                 Ice/Tmut       14%        N/A       45%         4
 Summon Ice Beast         Ice/Summ       14%        N/A       45%         4
 Dragon Form              Tmut           7%         N/A       100%        7
 Dragon's Call            Summ           7%         N/A       100%        9


Dungeon Overview and Level Annotations

Branches:
Dungeon (8/15)             Temple (1/1) D:7
   Lair: D:8-11

Altars:
Ashenzari
Cheibriados
Dithmenos
Elyvilon
Fedhas
Gozag
Hepliaklqana
Kikubaaqudgha
Makhleb
Nemelex Xobeh
Okawaru
Qazlal
Ru
Sif Muna
Trog
Uskayaw
Vehumet
Wu Jian
Xom
Yredelemnul
Zin
The Shining One

Shops:
D:4 *   D:5 [

Annotations:
D:8 Joseph


Message History

The kobold brigand is almost dead.
The kobold brigand throws a poisoned dart.
The poisoned dart hits you!
You are poisoned.
The searing ray hits the kobold brigand.
The kobold brigand is almost dead.
You feel very sick.
The kobold brigand throws a poisoned dart.
The poisoned dart hits you!
You are more poisoned.
The searing ray misses the kobold brigand.
You finish channelling your searing ray.
You feel very sick.
The kobold brigand throws a poisoned dart.
The poisoned dart hits you.
You are more poisoned.
Casting: Searing Ray (safe; 1% risk of failure)
Confirm with . or Enter, or press ? or * to list all spells.
Aiming: Searing Ray (safe; 1% risk of failure)
Press: ? - help, Shift-Dir - straight line, f/p - kobold brigand
Aim: a kobold brigand, wielding a +0 whip and quivering poisoned darts (almost dead, 79% to hit)
The searing ray hits the kobold brigand.
You kill the kobold brigand!
Vehumet accepts your kill. (Press . to maintain the ray.)
You feel very sick.
You feel very sick.
You start resting.
You feel very sick.
You feel sick. x8
You are no longer poisoned.
You see here a +2 dagger of venom.
There is an escape hatch in the floor here.
There is a stone staircase leading down here.
You climb downwards.
The kobold brigand hits you with a +0 club.
The two-headed ogre hits you with a +0 giant club!!
Ouch! That really hurt!
The two-headed ogre hits you with a +0 giant club!
You die...

......##.# ##
##..)....#.###(. ###.#)#
..# ##......#.#..##.....
..#.#
.###..####.#.#..##..# #
.##.#
...........#.#......###.
................#.......
#.......K.#....K......#
#.....(...#.#..##.....#
#.....O.......###....##
#....K@K..#..####O...#
#....o.K..#..# #.o...#
........o..#.## #.....#
##.........#.# #.....#
#....>....h. #K....#
######..oK..#...?.####
...o..K.......#
...............#
...........#


You could see a two-headed ogre, a kobold brigand, a hound, an orc priest, 2 orc
wizards, an orc and 5 kobolds.

Vanquished Creatures
  Grinder (D:5)
  A wyvern (D:4)
  A water moccasin (D:6)
  An orc warrior (D:8)
  4 ice beasts
  A sky beast (D:6)
  An ogre (D:6)
  2 centaurs
  2 phantoms
  2 bullfrogs
  A kobold brigand (D:6)
  2 necrophages
  11 wights
  4 scorpions
  3 hounds (D:5)
  2 gnoll boudas
  2 jellies (D:5)
  Terence (D:3)
  5 iguanas
  Ijyb (D:3)
  3 orc wizards
  Natasha (D:3)
  12 gnolls
  4 adders
  A shadow imp (D:6)
  An ufetubus (D:5)
  2 worms (D:2)
  17 orcs
  5 bats
  6 endoplasms
  2 giant cockroaches
  7 goblins
  10 hobgoblins
  7 jackals
  5 quokkas
  4 ball pythons
  2 frilled lizards
  10 kobolds
  5 rats
152 creatures vanquished.

Vanquished Creatures (others)
  An orc wizard (D:5)
1 creature vanquished.

Grand Total: 153 creatures vanquished

Notes
Turn   | Place    | Note
-------+----------+-------------------------------------------
     0 | D:1      | Querens the Deep Elf Conjurer began the quest for the Orb.
     0 | D:1      | Reached XP level 1. HP: 10/10 MP: 6/6
   199 | D:1      | Reached XP level 2. HP: 15/15 MP: 2/8
   317 | D:1      | Learned a level 2 spell: Searing Ray
   662 | D:1      | Reached skill level 4 in Spellcasting
   785 | D:1      | Reached skill level 5 in Conjurations
   785 | D:1      | Reached XP level 3. HP: 19/19 MP: 10/10
   878 | D:2      | Found an ornate altar of the Wu Jian Council.
  1247 | D:2      | Noticed a phantom
  1339 | D:2      | Killed a phantom
  1340 | D:2      | Reached skill level 1 in Shields
  1340 | D:2      | Reached XP level 4. HP: 17/24 MP: 2/12
  1600 | D:3      | Noticed Ijyb
  1610 | D:3      | Killed Ijyb
  1611 | D:3      | Reached skill level 5 in Spellcasting
  1611 | D:3      | Reached XP level 5. HP: 15/28 MP: 2/14
  1657 | D:3      | Noticed Terence
  1671 | D:3      | Killed Terence
  1878 | D:3      | Noticed Natasha
  1884 | D:3      | Killed Natasha
  2052 | D:4      | Found Qashac's Assorted Antiques.
  2107 | D:4      | Bought a glowing hat for 182 gold pieces
  2197 | D:4      | Reached XP level 6. HP: 29/32 MP: 4/16
  2300 | D:4      | Reached skill level 6 in Spellcasting
  2327 | D:4      | Noticed a wyvern
  2486 | D:4      | Killed a wyvern
  2487 | D:4      | Reached XP level 7. HP: 31/36 MP: 10/18
  2492 | D:4      | Learned a level 4 spell: Iskenderun's Mystic Blast
  2497 | D:4      | Learned a level 4 spell: Fulminant Prism
  2515 | D:5      | Entered Level 5 of the Dungeon
  2523 | D:5      | Found the +1 Delatra's gloves {ID++}
  2578 | D:5      | Reached skill level 1 in Translocations
  2609 | D:5      | You fall into a shaft and drop 3 floors!
  2609 | D:8      | Found a white marble altar of Elyvilon.
  2621 | D:8      | Reached skill level 7 in Spellcasting
  2763 | D:8      | Noticed Joseph
  2805 | D:8      | Reached XP level 8. HP: 41/41 MP: 8/21
  2923 | D:7      | Reached skill level 8 in Spellcasting
  2942 | D:7      | Found a staircase to the Ecumenical Temple.
  2956 | Temple   | Entered the Ecumenical Temple
  2987 | Temple   | Became a worshipper of Vehumet
  3063 | D:7      | Noticed a two-headed ogre
  3312 | D:5      | Noticed Grinder
  3326 | D:5      | Reached * piety under Vehumet
  3326 | D:5      | Offered knowledge of Freeze by Vehumet.
  3329 | D:5      | Paralysed by Grinder for 5 turns
  3336 | D:5      | Killed Grinder
  3337 | D:5      | Reached XP level 9. HP: 24/45 MP: 8/23
  3429 | D:5      | Found Yhipsut's Armour Boutique.
  3433 | D:5      | Reached skill level 9 in Spellcasting
  3645 | D:6      | Reached skill level 5 in Shields
  3645 | D:6      | Reached skill level 5 in Translocations
  3928 | D:6      | Reached skill level 10 in Spellcasting
  4001 | D:6      | Offered knowledge of Static Discharge by Vehumet.
  4017 | D:6      | Reached ** piety under Vehumet
  4109 | D:7      | Slain by a two-headed ogre

Illustrated notes

Levels and vault maps discovered:
D:1:      enne_arrival_octagon_isle, layout_loops_corners
D:2:      layout_loops_ring, basic_altar, minmay_bisected
D:3:      layout_basic, kennysheep_decorative_pillar, corexii_shack,
          solitary_fountain, st_stairs_7, uniq_terence, uniq_natasha, uniq_ijyb
D:4:      layout_rooms, serial_shops, nicolae_inconvenience_store
D:5:      layout_basic, serial_shops, nicolae_shop_crystal,
          dreamdust_princess_bridge, nicolae_elevator_lobby_asterisk,
          uniq_grinder
D:6:      layout_cave_pools
D:7:      layout_rooms, temple_fountains, gammafunk_ghost_necromancy,
          nicolae_shop_self_help
D:8:      layout_loops_cross, general_overflow_altar, minmay_splitting_lines,
          uniq_joseph
Temple:   nicolae_temple_the_god_donut

Skill      XL: |  1  2  3  4  5  6  7  8  9 |
---------------+----------------------------+-----
Spellcasting   | 4 5 6 7 8 10 | 10.3
Conjurations   | 5 6 7 8 9 |  9.4
Shields        | 1 2 3 4 5 |  5.0
Translocations | 2 4 6 |  6.5
Dodging        | |  2.4
Stealth        | |  2.4

Action                   |  1- 3 |  4- 6 |  7- 9 || total
-------------------------+-------+-------+-------++-------
Melee: Dagger            |    55 |    46 |    12 ||   113
 Cast: Magic Dart        |    20 |     2 |     4 ||    26
       Searing Ray       |    12 |    17 |    63 ||    92
       Iskenderun's Myst |       |       |     6 ||     6
Evoke: Wand              |       |     1 |     2 ||     3
 Stab: Sleeping          |     4 |     3 |     1 ||     8
Armor: Robe              |    11 |    20 |    28 ||    59
Dodge: Dodged            |    57 |    27 |    41 ||   125
Block: Buckler           |     7 |    20 |    18 ||    45

Table legend: (Time is in decaauts)
 A = Elapsed time spent in this place.
 B = Non-inter-level travel time spent in this place.
 C = Inter-level travel time spent in this place.
 D = Time resting spent in this place.
 E = Time spent auto-exploring this place.
 F = Levels seen in this place.
 G = Mean time per level.
                   A        B        C        D        E       F      G
               +--------+--------+--------+--------+--------+-----+--------+
         Total |   4110 |   3619 |    491 |      9 |      0 |   9 |  456.7 |
       Dungeon |   4052 |   3561 |    491 |      9 |      0 |   8 |  506.5 |
        Temple |     57 |     57 |      0 |      0 |      0 |   1 |   57.0 |
               +--------+--------+--------+--------+--------+-----+--------+

Top non-repeatable levels by time:
     D:1: 839 daAuts
     D:5: 643 daAuts
     D:3: 616 daAuts
     D:2: 588 daAuts
     D:6: 474 daAuts
     D:4: 473 daAuts
     D:8: 298 daAuts
     D:7: 119 daAuts
  Temple: 57 daAuts
